 Dungeon Crawl Stone Soup version 0.21-a0-471-gd587bd5 (webtiles) character file.

697 MTVSty1e the Chopper (level 7, -2/46 HPs)
             Began as a Gargoyle Fighter on Nov 21, 2017.
             Slain by a gnoll
             ... wielding a +0 halberd
              (14 damage)
             ... on level 4 of the Dungeon.
             The game lasted 00:08:03 (2803 turns).

MTVSty1e the Chopper (Gargoyle Fighter)             Turns: 2803, Time: 00:08:04

Health: -2/46      AC: 14    Str: 27    XL:     7   Next: 65%
Magic:  7/7        EV:  7    Int:  8    God:
Gold:   124        SH:  9    Dex:  9    Spells: 6/6 levels left

rFire    . . .     SeeInvis .   a - +0 war axe
rCold    . . .     Gourm    .   c - +0 shield
rNeg     + . .     Faith    .   B - +2 scale mail {MR+}
rPois    ∞         Spirit   .   A - +0 helmet (curse)
rElec    +         Reflect  .   (no cloak)
rCorr    .         Harm     +   (no gloves)
MR       +....                  (no boots)
Stlth    ..........             u - amulet of harm
HPRegen  0.15/turn              (no ring)
MPRegen  0.10/turn              (no ring)

@: mighty
A: negative energy resistance 1, electricity resistance, unbreathing,
petrification resistance, rot immunity, AC +4
a: no special abilities


You were on level 4 of the Dungeon.
You were hungry.

You visited 1 branch of the dungeon, and saw 4 of its levels.

You collected 124 gold pieces.

Inventory:

Hand Weapons
 a - a +0 war axe (weapon)
Armour
 b - a +0 scale mail
 c - a +0 shield (worn)
 A - a cursed +0 helmet (worn)
 B - a +2 scale mail of magic resistance (worn)
Jewellery
 u - an amulet of harm (around neck)
Wands
 q - a wand of polymorph (12)
Scrolls
 e - 2 scrolls of amnesia {unknown}
 l - 3 scrolls of identify {unknown}
 o - 2 scrolls of enchant armour {unknown}
 p - 3 scrolls of immolation {unknown}
 v - 2 scrolls of magic mapping {unknown}
 x - a scroll of blinking {unknown}
 y - 4 scrolls of teleportation {unknown}
 z - a scroll of noise {unknown}
Potions
 d - 4 potions of might
 i - a potion of haste {unknown}
 j - a potion of invisibility {unknown}
 k - 6 potions of curing {unknown}
 m - a potion of heal wounds {unknown}
 r - a potion of mutation {unknown}
 s - a potion of brilliance {unknown}
 t - 2 potions of degeneration {unknown}
 w - a potion of resistance {unknown}
 C - 2 potions of magic {unknown}
 D - a potion of ambrosia {unknown}
Comestibles
 f - 3 bread rations
 g - 2 meat rations
 h - 5 fruits


   Skills:
 + Level 6.0 Fighting
 * Level 6.1 Axes
 - Level 3.6 Armour
 - Level 3.5 Shields


You had 6 spell levels left.
You didn't know any spells.

Dungeon Overview and Level Annotations

Branches:
Dungeon (4/15)
 Temple: D:4-7

Altars:
Trog
Wu Jian


Innate Abilities, Weirdness & Mutations

You are resistant to torment.
Your stone body is resilient. (AC +4)
You are immune to poison.
You resist negative energy. (rN+)
You are resistant to electric shocks. (rElec)
You can survive without breathing.
You are immune to petrification.
You are immune to rotting.


Message History

The gnoll hits you but does no damage.
The gnoll hits you from afar with a halberd!
The gnoll hits you but does no damage.
You are too injured to fight recklessly!
You feel very mighty all of a sudden.
The gnoll hits you from afar with a halberd.
You block the gnoll's attack. The gnoll barely misses you.
The gnoll hits you but does no damage. The gnoll hits you with a halberd.
* * * LOW HITPOINT WARNING * * *
You block the gnoll's attack. The gnoll hits you with a halberd.
* * * LOW HITPOINT WARNING * * *
You see here a vampiric halberd.
You closely miss the gnoll. You hit the gnoll. You closely miss the gnoll.
The gnoll hits you but does no damage. The gnoll barely misses you.
The gnoll hits you but does no damage. x3
You slice the gnoll!!
You kill the gnoll!
You hit the gnoll. You hit the gnoll but do no damage.
The gnoll hits you with a halberd!
You die...

## ### #.. ..
####.###.####
######...........#
#........#g......#
#........#)g$....#
#........)g@.....#
####........!(†.....#
#....#.#)....(......#
#........(##########
##.#.#<....#
#..#.).....#
#....).....####
##.[...##......##
##...........##..###


You could see 3 gnolls.

Vanquished Creatures
  Sigmund (D:2)
  The ghost of Scuka the Caller, an amateur BaSu (D:3)
  An ogre (D:3)
  A crimson imp (D:3)
  An orc priest (D:3)
  An orc wizard (D:4)
  Jessica (D:2)
  Terence (D:2)
  An iguana (D:3)
  4 gnolls (D:4)
  4 adders
  An ooze (D:2)
  A dart slug (D:1)
  2 leopard geckos (D:3)
  10 orcs
  6 bats
  2 giant cockroaches
  13 goblins
  7 hobgoblins
  7 jackals
  7 kobolds
  2 quokkas (D:3)
  3 frilled lizards
  8 rats
86 creatures vanquished.

Notes
Turn   | Place    | Note
-------+----------+-------------------------------------------
     0 | D:1      | MTVSty1e the Gargoyle Fighter began the quest for the Orb.
     0 | D:1      | Reached XP level 1. HP: 14/14 MP: 1/1
   105 | D:1      | Reached XP level 2. HP: 8/19 MP: 2/2
   492 | D:1      | Reached XP level 3. HP: 23/23 MP: 3/3
   809 | D:2      | Noticed Jessica
   817 | D:2      | Killed Jessica
   817 | D:2      | Reached XP level 4. HP: 28/29 MP: 4/4
   880 | D:2      | Noticed Terence
   895 | D:2      | Killed Terence
  1194 | D:2      | Noticed Sigmund
  1203 | D:2      | Killed Sigmund
  1203 | D:2      | Reached XP level 5. HP: 30/34 MP: 5/5
  1203 | D:2      | Reached XP level 6. HP: 35/40 MP: 6/6
  1718 | D:3      | Reached skill level 5 in Fighting
  1756 | D:3      | Found an ornate altar of the Wu Jian Council.
  1922 | D:3      | Noticed Scuka's ghost (amateur BaSu)
  1925 | D:3      | Reached skill level 5 in Axes
  1938 | D:3      | Killed Scuka's ghost
  1938 | D:3      | Reached XP level 7. HP: 32/44 MP: 7/7
  2130 | D:3      | Found a bloodstained altar of Trog.
  2803 | D:4      | Slain by a gnoll

Vault maps used:
D:1:      dpeg_arrival_leaves_temple_mockup, st_stairs_7, serial_park_tiny_2,
          lemuel_old_faithful
D:2:      first_bread, uniq_sigmund, uniq_terence, uniq_jessica
D:3:      lemuel_crystal_altar, marbit_many_paths
D:4:      yredelemnul_forgotten_temple_becter

Skill      XL: |  1  2  3  4  5  6  7 |
---------------+----------------------+-----
Axes           | 2 4 5 6 |  6.1
Fighting       | 4 5 6 |  6.0
Armour         | |  3.6
Shields        | |  3.5

Action                   |  1- 3 |  4- 6 |  7- 9 || total
-------------------------+-------+-------+-------++-------
Melee: War axe           |    78 |   108 |    89 ||   275
Evoke: Wand              |       |     3 |       ||     3
  Use: Potion            |       |       |     1 ||     1
  Eat: Chunk             |       |     1 |     1 ||     2
       Royal jelly       |       |     1 |     1 ||     2
Armor: Scale mail        |    39 |    43 |    52 ||   134
Dodge: Dodged            |    21 |    36 |    39 ||    96
Block: Shield            |    51 |    47 |    58 ||   156

Table legend:
 A = Spawn XP
 B = Non-spawn XP
 C = Spawn XP percentage of total XP
 D = Spawn monster count
 E = Non-spawn monster count
 F = Spawn count percentage of total count
 G = Total turns spent on level
                    A         B        C        D         E        F      G
               +---------+---------+-------+---------+---------+-------+---------
         Total |       0 |     997 |   0.0 |       0 |      86 |   0.0 |  2803
               +---------+---------+-------+---------+---------+-------+---------
           D:1 |       0 |      43 |   0.0 |       0 |      24 |   0.0 |   707
           D:2 |       0 |     346 |   0.0 |       0 |      20 |   0.0 |   954
           D:3 |       0 |     479 |   0.0 |       0 |      33 |   0.0 |  1024
           D:4 |       0 |     129 |   0.0 |       0 |       9 |   0.0 |   118
               +---------+---------+-------+---------+---------+-------+---------
